 Dungeon Crawl Stone Soup version 0.19-a0 (webtiles) character file.

31213 varam the Fighter (level 13, -5/123 HPs)
             Began as a Minotaur Berserker on Apr 27, 2016.
             Was a High Priest of Trog.
             Slain by a wolf spider simulacrum (12 damage)
             ... on level 13 of the Dungeon.
             The game lasted 01:03:42 (14396 turns).

varam the Fighter (Minotaur Berserker)             Turns: 14396, Time: 01:03:43

Health: -5/123     AC: 16    Str: 26    XL:     13   Next: 24%
Magic:  12/12      EV: 16    Int:  4    God:    Trog [*****.]
Gold:   997        SH:  4    Dex: 11    Spells: 0 memorised, 12 levels left

rFire  . . .     SeeInvis +     w - +6 glaive of the Twelve Eyes {freeze, SInv}
rCold  + . .     Gourm    .     r - +2 scale mail {rPois}
rNeg   . . .     Faith    .     (shield currently unavailable)
rPois  +         Spirit   .     q - +2 hat
rElec  .         Dismiss  .     k - +0 cloak
rCorr  .         Reflect  +     (no gloves)
SustAt .         Harm     .     j - +0 pair of boots
MR     .....                    F - +4 amulet of reflection
Stlth  ..........               C - +4 ring of slaying
                                v - ring of protection from cold

@: exhausted, slowed, very slow, not resistant to hostile enchantments,
extremely unstealthy
A: retaliatory headbutt, horns 2
a: Berserk, Trog's Hand, Brothers in Arms, Burn Spellbooks, Renounce Religion


You were on level 13 of the Dungeon.
You worshipped Trog.
Trog was extremely pleased with you.
You were very hungry.

You visited 1 branch of the dungeon, and saw 13 of its levels.
You also visited: Sewer, Ossuary and Ice Cave.

You collected 997 gold pieces.

Inventory:

Hand Weapons
 b - a +1 vampiric demon trident
 w - the +6 glaive of the Twelve Eyes (weapon) {freeze, SInv}
   (You found it on level 4 of the Dungeon)

   It has been specially enchanted to freeze those struck by it, causing extra
   injury to most foes and up to half again as much damage against particularly
   susceptible opponents.
   It can also slow down cold-blooded creatures.
   It lets you see invisible.
 x - the +8 hand crossbow of the Hawk {elec, rF+ Int+2 Dex+6}
   (Trog gifted it to you on level 9 of the Dungeon)

   It charges the ammunition it shoots with electricity; occasionally upon a
   hit, such missiles may discharge and cause terrible harm.
   It affects your intelligence (+2).
   It affects your dexterity (+6).
   It protects you from fire.
 K - a +1 battleaxe of freezing
 O - the +1 great sword of Rezereej {slice, rElec Dex+4}
   (You found it in an ice cave)

   It inflicts extra damage upon your enemies.
   It affects your dexterity (+4).
   It insulates you from electricity.
 X - the +6 short sword of the Mind {venom, rElec rN++ Dex-2}
   (You found it on level 11 of the Dungeon)

   It poisons the flesh of those it strikes.
   It affects your dexterity (-2).
   It insulates you from electricity.
   It greatly protects you from negative energy.
Missiles
 P - 107 bolts
Armour
 j - a +0 pair of boots (worn)
 k - a +0 cloak (worn)
 q - a +2 hat (worn)
 r - a +2 scale mail of poison resistance (worn)
 y - a mottled dragon hide
 Q - a +0 animal skin of cold resistance
Jewellery
 e - an uncursed ring of protection from cold
 m - an uncursed ring of resist corrosion
 v - a ring of protection from cold (left hand)
 B - an uncursed ring of poison resistance
 C - a +4 ring of slaying (right hand)
 F - a +4 amulet of reflection (around neck)
Wands
 a - a wand of digging (14/24)
 h - a wand of confusion (22/48)
 z - a wand of disintegration (15/24)
 A - a wand of paralysis (12/24)
 D - a wand of flame (28/48)
 H - a wand of disintegration (11/24)
 I - a wand of lightning (1/15)
 L - a wand of teleportation (1/9)
 S - a wand of acid (5/15)
Scrolls
 c - 2 scrolls of identify
 g - 8 scrolls of teleportation
 i - 13 scrolls of remove curse {ii}
 o - 4 scrolls of fear
 t - a scroll of summoning
 u - a scroll of enchant armour
 T - 3 scrolls of fog
 V - 2 scrolls of blinking
Potions
 d - 11 potions of curing
 f - 4 potions of agility
 l - a potion of invisibility {unknown}
 n - a potion of resistance {unknown}
 p - 2 potions of cancellation
 s - 5 potions of heal wounds
 E - 2 potions of flight
 G - a potion of beneficial mutation {unknown}
 M - 7 potions of might
 N - a potion of berserk rage {unknown}
Miscellaneous
 Z - a sack of spiders
Comestibles
 J - 19 chunks of flesh
 R - a bread ration
 W - 9 royal jellies


   Skills:
 + Level 13.9 Fighting
 - Level 6.2(10.3) Axes
 + Level 12.6(13.1) Polearms
 + Level 13.5 Armour
 + Level 12.0 Dodging


You had 12 spell levels left.
You didn't know any spells.

Dungeon Overview and Level Annotations

Branches:
Dungeon (13/15)            Temple (0/1) D:6            Lair (0/8) D:8
    Orc (0/2) D:12
 Vaults: D:13-14

Altars:
Cheibriados
Fedhas
Gozag
Kikubaaqudgha
Makhleb
Qazlal
Trog
Xom

Shops:
D:10 [   D:11 =

Annotations:
D:8 exclusion: oklob plant


Innate Abilities, Weirdness & Mutations

You reflexively headbutt those who attack you in melee.
You have a pair of horns on your head.


Message History

* * * LOW HITPOINT WARNING * * *
The wolf spider simulacrum misses you.
The two-headed ogre closely misses you. x2
The wolf spider simulacrum hits you but does no damage.
The wolf spider simulacrum bites you.
* * * LOW HITPOINT WARNING * * *
The wolf spider simulacrum freezes you! You resist.
* * * LOW HITPOINT WARNING * * *
Items here: )))) [[[[ Drink which item? (? for menu, Esc to quit)
You can't drink that!
Drink which item? (? for menu, Esc to quit)
You feel much better. The wolf spider simulacrum hits you!
* * * LOW HITPOINT WARNING * * *
The wolf spider simulacrum freezes you! You resist.
* * * LOW HITPOINT WARNING * * *
The wolf spider simulacrum closely misses you.
The wolf spider simulacrum hits you.
* * * LOW HITPOINT WARNING * * *
The wolf spider simulacrum freezes you! You resist.
You die...

#.....#.##.# *######........#.#
*..............#.#
**,#####.....##...#
,,,,,,#...######..# **,**,#.#.#
#..# *,**,#.#.# #O5#
*,**,#.#.#######Z#######
*,**,#.#.......@>......#
*,**,#(###############.#
*,,,,#....<.....,#.....#
*#####.#........,#..#..#
#..§.§.........,##.#..########*
#..§§§..(......*#.............,
#
#..§§§.........*#...#.########.
###..............*#...#.# #.
..............###*#..(#.# #.


You could see a white imp and a wolf spider simulacrum.

Vanquished Creatures
  A frost giant (IceCv)
  2 hydras
  Urug (D:12)
  2 unseen horrors (D:10)
  An orc knight (D:12)
  5 hill giants
  A deep elf mage (D:13)
  A cyclops (D:11)
  A manticore (D:13)
  3 ugly things
  The ghost of Loki the Grappler, a novice TrWr of Cheibriados (D:10)
  Maurice (D:12)
  Psyche (D:12)
  A gargoyle (D:12)
  5 trolls
  A queen bee (D:10)
  16 polar bears
  A two-headed ogre (D:12)
  3 wyverns
  30 yaks
  A water elemental (D:13)
  2 wraiths (D:12)
  A hungry ghost (D:11)
  A human (D:7)
  4 hippogriffs
  3 wargs (D:12)
  A mottled dragon (D:12)
  A water moccasin (D:11)
  2 soldier ants (D:12)
  4 orc warriors
  5 ice beasts
  3 ogres
  A sky beast (D:10)
  A wasp (D:12)
  3 black bears
  4 phantoms
  6 wolves
  8 centaurs
  3 giant frogs
  4 big kobolds
  A gnoll sergeant (D:13)
  7 scorpions
  23 killer bees
  An electric eel (D:12)
  2 howler monkeys
  3 wights (D:9)
  5 crimson imps
  5 centaur zombies
  A quasit (D:13)
  3 hounds
  7 jellies
  5 centaur skeletons
  2 human zombies
  8 orc priests
  9 orc wizards
  3 giant frog skeletons
  4 iguanas
  7 worker ants
  2 sheep (D:7)
  A killer bee zombie (D:9)
  3 big kobold zombies (Ossuary)
  A hound skeleton (D:10)
  3 mummies (Ossuary)
  A worker ant zombie (D:10)
  18 gnolls
  A river rat (Sewer)
  12 adders
  4 scorpion zombies (Ossuary)
  4 shadow imps
  13 white imps (D:13)
  An adder skeleton (D:10)
  2 worms (D:2)
  A dart slug (D:1)
  6 giant geckos
  40 orcs
  A ball python (D:2)
  6 giant cockroaches
  2 gnoll zombies (Ossuary)
  6 goblins
  6 hobgoblins
  7 jackals
  19 kobolds
  4 quokkas
  6 bats
  A giant gecko zombie (D:6)
  3 giant newts
  2 goblin zombies (Ossuary)
  A hobgoblin zombie (Ossuary)
  2 jackal zombies
  A kobold zombie (Ossuary)
  An orc zombie (Ossuary)
  A quokka skeleton (D:5)
  10 rats
  A rat zombie (D:7)
  A bush (D:7)
  8 fungi (D:8)
  9 plants (D:8)
443 creatures vanquished.

Vanquished Creatures (others)
  A cyclops (D:12)
  A centaur (D:10)
2 creatures vanquished.

Grand Total: 445 creatures vanquished

Notes
Turn   | Place    | Note
--------------------------------------------------------------
     0 | D:1      | varam the Minotaur Berserker began the quest for the Orb.
     0 | D:1      | Reached XP level 1. HP: 19/19 MP: 0/0
   337 | D:1      | Reached XP level 2. HP: 24/27 MP: 1/1
   937 | D:2      | Reached ** piety under Trog
  1018 | D:2      | Reached XP level 3. HP: 33/33 MP: 2/2
  1186 | D:2      | Found a snail-covered altar of Cheibriados.
  1186 | D:2      | Found a burning altar of Makhleb.
  1571 | D:3      | Found a stormy altar of Qazlal.
  1608 | D:3      | Reached skill level 5 in Axes
  1608 | D:3      | Reached XP level 4. HP: 31/41 MP: 3/3
  1739 | D:3      | Found a glowing drain.
  1794 | Sewer    | Entered a sewer
  1805 | Sewer    | Reached *** piety under Trog
  1933 | Sewer    | Noticed a big kobold
  1940 | Sewer    | Reached XP level 5. HP: 46/47 MP: 4/4
  1978 | Sewer    | Reached skill level 5 in Fighting
  2042 | Sewer    | Found a white marble altar of Elyvilon.
  2565 | D:4      | Got an ivory glaive
  2572 | D:4      | Identified the +6 glaive of the Twelve Eyes {freeze, SInv} (You found it on level 4 of the Dungeon)
  2743 | D:4      | Reached XP level 6. HP: 56/56 MP: 5/5
  3069 | D:4      | Found an opulent altar of Gozag.
  3275 | D:5      | Entered Level 5 of the Dungeon
  3453 | D:5      | Reached **** piety under Trog
  3460 | D:5      | Reached skill level 5 in Armour
  3465 | D:5      | Reached skill level 1 in Polearms
  3465 | D:5      | Reached XP level 7. HP: 51/63 MP: 6/6
  4360 | D:6      | Found a staircase to the Ecumenical Temple.
  4428 | D:6      | Found a blossoming altar of Fedhas.
  4554 | D:6      | Reached XP level 8. HP: 73/73 MP: 7/7
  4923 | D:7      | Found a sand-covered staircase.
  4963 | Ossuary  | Entered an ossuary
  5094 | Ossuary  | Reached skill level 5 in Dodging
  5280 | D:7      | Reached skill level 5 in Polearms
  5397 | D:7      | Reached XP level 9. HP: 76/81 MP: 8/8
  5450 | D:7      | Found a blossoming altar of Fedhas.
  5538 | D:7      | Reached ***** piety under Trog
  5748 | D:7      | Found a bloodstained altar of Trog.
  5876 | D:8      | Found a staircase to the Lair.
  5980 | D:8      | Noticed an oklob plant
  6153 | D:8      | Found an ancient bone altar of Kikubaaqudgha.
  6541 | D:8      | Found a shimmering altar of Xom.
  7028 | D:9      | Received a gift from Trog
  7032 | D:9      | Got an ancient hand crossbow {god gift}
  7033 | D:9      | Identified the +8 hand crossbow of the Hawk {elec, rF+ Int+2 Dex+6} (Trog gifted it to you on level 9 of the Dungeon)
  7395 | D:9      | Reached XP level 10. HP: 75/91 MP: 9/9
  7806 | D:9      | Reached skill level 10 in Fighting
  8015 | D:10     | Entered Level 10 of the Dungeon
  8126 | D:10     | Noticed a hill giant
  8138 | D:10     | Killed a hill giant
  8509 | D:10     | Noticed an unseen horror
  8511 | D:10     | Killed an unseen horror
  8511 | D:10     | Reached skill level 10 in Armour
  8550 | D:10     | Noticed Loki's ghost (novice TrWr)
  8557 | D:10     | Killed Loki's ghost
  8755 | D:10     | Noticed an unseen horror
  8759 | D:10     | Killed an unseen horror
  8759 | D:10     | Reached XP level 11. HP: 92/101 MP: 10/10
  8796 | D:10     | Found Xavok Cas's Armour Shop.
  9156 | D:11     | Noticed a purple ugly thing
  9162 | D:11     | Killed a purple ugly thing
  9287 | D:11     | Found Sophuchi's Jewellery Boutique.
  9288 | D:11     | Noticed a hill giant
  9312 | D:11     | Killed a hill giant
  9312 | D:11     | Reached skill level 10 in Polearms
  9682 | D:11     | Got a shimmering short sword
  9683 | D:11     | Identified the +6 short sword of the Mind {venom, rElec rN++ Dex-2} (You found it on level 11 of the Dungeon)
  9931 | D:11     | Noticed a seven-headed hydra
  9936 | D:11     | Killed a nine-headed hydra
 10008 | D:11     | Reached skill level 10 in Dodging
 10706 | D:11     | Noticed a hill giant
 10711 | D:11     | Killed a hill giant
 10855 | D:12     | Found a staircase to the Orcish Mines.
 10908 | D:12     | Noticed Maurice
 10913 | D:12     | Killed Maurice
 10913 | D:12     | Received a gift from Trog
 10914 | D:12     | Noticed Psyche
 10918 | D:12     | Killed Psyche
 11122 | D:12     | Noticed a green ugly thing
 11130 | D:12     | Killed a green ugly thing
 11312 | D:12     | Reached XP level 12. HP: 93/112 MP: 11/11
 11614 | D:12     | Noticed a six-headed hydra
 11621 | D:12     | Killed a nine-headed hydra
 12352 | D:12     | Noticed Urug
 12362 | D:12     | Killed Urug
 13015 | D:13     | Received a gift from Trog
 13107 | D:13     | Found a frozen archway.
 13131 | IceCv    | Entered an ice cave
 13690 | IceCv    | Reached XP level 13. HP: 115/122 MP: 12/12
 13928 | IceCv    | Noticed a frost giant
 13958 | IceCv    | Killed a frost giant
 14051 | IceCv    | Got an iridescent great sword
 14060 | IceCv    | Identified the cursed +1 great sword of Rezereej {slice, rElec Dex+4} (You found it in an ice cave)
 14396 | D:13     | Slain by a wolf spider simulacrum

Vault maps used:
D:1:      mrwooster_arrival_statue_2
D:2:      amethyst_overflow_temple_binary
D:3:      grunt_qazlal_sundering, gup_sewer_entry_glass, hangedman_glass_teeth
D:4:      lemuel_coloured_pillars_altar, first_bread
D:6:      temple_statues, minmay_misc_feat_doors, fedhas_altar_3
D:7:      kennysheep_mini, trog_ov_bears_minmay, enter_ossuary_3,
          grunt_livestock
D:8:      kiku_gazebo_pond_becter, lemuel_mausoleum_altar_yredelemnul,
          dpeg_oklobed_lair, lemuel_oklob_altar
D:10:     serial_shops, nicolae_shop_competitors_out_of_business, special_room
D:11:     serial_shops, shop, minmay_misc_feat_plants
D:12:     minmay_orc_entry_guard_dogs, lightli_minifort, uniq_psyche, uniq_urug,
          uniq_maurice
D:13:     serial_ice, serial_ice_k, serial_ice_d, serial_ice_n, serial_ice_e,
          portal_ice_cave_entry_imps, minmay_joined_circles
Sewer:    sewer_kobolds
Ossuary:  ossuary_minmay_scorpions
IceCv:    ice_cave_small_giant

Skill      XL: |  1  2  3  4  5  6  7  8  9 10 11 12 13 |
---------------+----------------------------------------+-----
Axes           | 4 5 6 |  6.2
Fighting       | 4 5 6 7 8 9 10 12 13 | 13.9
Armour         | 3 4 5 6 7 9 10 11 13 | 13.5
Polearms       | 1 3 5 7 9 10 12 | 12.6
Dodging        | 4 5 7 9 10 11 12 | 12.0

Action                   |  1- 3 |  4- 6 |  7- 9 | 10-12 | 13-15 || total
-------------------------+-------+-------+-------+-------+-------++-------
Melee: Hand axe          |    84 |    92 |       |       |       ||   176
       Headbutt          |    11 |    20 |    26 |    83 |    15 ||   155
       Glaive            |       |    42 |   232 |   481 |    67 ||   822
       Battleaxe         |       |       |       |       |     7 ||     7
 Fire: Hand crossbow     |       |       |    12 |       |       ||    12
Invok: Burn Spellbooks   |       |       |     1 |       |       ||     1
       Berserk           |       |       |       |    14 |     2 ||    16
  Use: Scroll            |       |       |     4 |    20 |     1 ||    25
       Potion            |       |       |       |       |     1 ||     1
  Eat: Chunk             |     1 |     1 |     4 |    18 |     3 ||    27
       Meat ration       |     1 |       |     2 |     1 |       ||     4
       Beef jerky        |       |     1 |       |     2 |       ||     3
       Bread ration      |       |       |       |     1 |       ||     1
       Royal jelly       |       |       |       |     2 |       ||     2
Armor: Animal skin       |    19 |       |       |       |       ||    19
       Scale mail        |     2 |    65 |    86 |   137 |    38 ||   328
Dodge: Dodged            |    68 |    69 |   140 |   248 |    68 ||   593
Block: Buckler           |     1 |     8 |       |       |       ||     9
       Other             |       |       |    16 |    56 |    14 ||    86
       Reflection        |       |       |     1 |    10 |       ||    11
